 Dungeon Crawl Stone Soup version 0.31-a0-620-gd1cbd99268 (webtiles) character file.

Game seed: 7345067664864389741

17 Ghostmaker01 the Changeling (level 2, -1/13 HPs)
             Began as a Demigod Shapeshifter on Aug 23, 2023.
             Slain by a kobold
             ... wielding a +0 short sword
              (4 damage)
             ... on level 1 of the Dungeon.
             The game lasted 00:00:43 (417 turns).

Ghostmaker01 the Changeling (Demigod Shapeshifter)   Turns: 417, Time: 00:00:44

Health: -1/13      AC:  2    Str: 16    XL:     2   Next: 30%
Magic:  4/4        EV: 12    Int: 10    God:
Gold:   7          SH:  0    Dex: 14    Spells: 1/1 levels left

rFire   . .          .
                       - Unarmed
rCold   . . .        (shield currently unavailable)
rNeg    . . .        a - +0 animal skin
rPois   .            (no helmet)
rElec   .            (no cloak)
rCorr   .            (no gloves)
SInv    .            (no boots)
Will    .....        (no amulet)
Stlth   +            (no ring)
HPRegen 0.22/turn    (no ring)
MPRegen 0.09/turn

%: no passive effects
@: flux-form, glowing
A: glow, contaminating, reduced hp, high MP 1, forlorn, divine attributes
a: Begin Untransformation


You were on level 1 of the Dungeon.
You were something dangerously unstable.
You visited 1 branch of the dungeon, and saw 1 of its levels.

You collected 7 gold pieces.

Inventory:

Armour
 a - a +0 animal skin (worn)
Talismans
 c - a beast talisman
 d - a flux talisman (active)
Scrolls
 e - a scroll of noise {unknown}
Potions
 b - a potion of lignification
 f - a potion of ambrosia {unknown}


   Skills:
 + Level 1.1 Fighting
 + Level 1.8 Dodging
 + Level 3.0 Unarmed Combat
 + Level 3.0 Shapeshifting


You had one spell level left.
You didn't know any spells.
Your spell library contained the following spells:

 Spells                   Type           Power      Damage    Failure   Level
 Alistair's Intoxication  Tmut/Pois      0%         N/A       100%        5
 Borgnjor's Vile Clutch   Necr/Erth      0%         N/A       100%        5
 Eringya's Noxious Bog    Tmut/Pois      0%         4d6       100%        6


Dungeon Overview and Level Annotations

Branches:
Dungeon (1/15)


Innate Abilities, Weirdness & Mutations

You are something dangerously unstable.
You glow with magical radiation, making you easy to see and hit.
Foes you strike become dangerously contaminated with magical radiation.
Your maximum health is decreased, since you lack skill for your form.
You are incapable of wielding weapons or throwing items.
You have an increased reservoir of magic. (+10% MP)
You shall have no god before yourself.
Your divine heritage dramatically boosts your attributes as you level up.


Message History

The kobold closely misses you.
You barely miss the kobold. The kobold barely misses you.
You hit the endoplasm.
The endoplasm begins to glow.
The endoplasm is severely wounded.
The kobold hits you with a +0 short sword.
The endoplasm barely misses you.
You hit the endoplasm.
The endoplasm glows dangerously bright.
The endoplasm is almost dead.
The kobold hits you with a +0 short sword.
The endoplasm hits you.
You hit the endoplasm.
You kill the endoplasm!
The kobold hits you with a +0 short sword.
You are too injured to fight recklessly!
You are too injured to fight recklessly!
You are too injured to fight recklessly!
You are too injured to fight recklessly!
You are too injured to fight recklessly!
You are too injured to fight recklessly!
You hit the kobold but do no damage.
The kobold glows dangerously bright.
The giant cockroach bites you but does no damage.
The kobold hits you with a +0 short sword.
* * * LOW HITPOINT WARNING * * *
You hit the giant cockroach but do no damage.
The giant cockroach begins to glow.
The giant cockroach misses you.
You hit the giant cockroach.
The giant cockroach glows dangerously bright.
The giant cockroach is heavily wounded.
The kobold closely misses you. The giant cockroach barely misses you.
The kobold attacks as it pursues you!
The kobold hits you with a +0 short sword.
* * * LOW HITPOINT WARNING * * *
The giant cockroach barely misses you. The kobold attacks as it pursues you!
The kobold closely misses you. The kobold attacks as it pursues you!
The kobold closely misses you. The kobold attacks as it pursues you!
The kobold hits you but does no damage. The kobold attacks as it pursues you!
The kobold misses you.
The kobold stops glowing.
The kobold attacks as it pursues you!
The kobold hits you with a +0 short sword.
You die...

........# ........#
##############.#
####.........####.#######
...'....................#
####....................#
#..........B.........#
#............K.......# #
##########...B.......# #
#...........# #
#...........# ##
##...........# .#
#............# .###
#....######### ...##
#....# .#..### #....#
...)..# #....#


You could see a giant cockroach (contam) and a kobold.

Vanquished Creatures
  A dart slug (D:1)
  3 ball pythons (D:1)
  A bat (D:1)
  3 endoplasms (D:1)
  A giant cockroach (D:1)
  2 hobgoblins (D:1)
  A goblin (D:1)
  A rat (D:1)
13 creatures vanquished.

Notes
Turn   | Place    | Note
-------+----------+-------------------------------------------
     0 | D:1      | Ghostmaker01 the Demigod Shapeshifter began the quest for
                  | the Orb.
     0 | D:1      | Reached XP level 1. HP: 15/15 MP: 3/3
    79 | D:1      | Reached skill level 1 in Fighting
   333 | D:1      | Reached XP level 2. HP: 9/23 MP: 4/4
   417 | D:1      | Slain by a kobold

Illustrated notes

Levels and vault maps discovered:
D:1:      matt_arrival_spirals, layout_basic, serial_shops,
          nicolae_shop_advertising_works [nicolae_subvault_shop_adworks]

Skill      XL: |  1  2 |
---------------+-------+-----
Fighting       | 1 |  1.1
Shapeshifting  | 3 |  3.0
Unarmed Combat | 3 |  3.0
Dodging        | |  1.8

Action                     || total
---------------------------++-------
  Melee: Unarmed           ||    45
 Armour: Animal skin       ||     9
  Dodge: Dodged            ||    35
   Form: Flux              ||     1

Table legend: (Time is in decaauts)
 A = Elapsed time spent in this place.
 B = Non-inter-level travel time spent in this place.
 C = Inter-level travel time spent in this place.
 D = Time resting spent in this place.
 E = Time spent auto-exploring this place.
 F = Levels seen in this place.
 G = Mean time per level.
                   A        B        C        D        E       F      G
               +--------+--------+--------+--------+--------+-----+--------+
         Total |    414 |    414 |      0 |      0 |    327 |   1 |  414.0 |
       Dungeon |    414 |    414 |      0 |      0 |    327 |   1 |  414.0 |
               +--------+--------+--------+--------+--------+-----+--------+

Top non-repeatable levels by time:
     D:1: 414 daAuts
